 Dungeon Crawl Stone Soup version 0.27-a0-1299-g1ab19c6527 (webtiles) character file.

Game seed: 17059948711917382993

116 bande the Skirmisher (level 5, -4/33 HPs)
             Began as a Gargoyle Fighter on June 16, 2021.
             Slain by an orc (6 damage)
             ... on level 3 of the Dungeon.
             The game lasted 00:04:30 (2751 turns).

bande the Skirmisher (Gargoyle Fighter)             Turns: 2751, Time: 00:04:31

Health: -4/33      AC: 11    Str: 20    XL:     5   Next: 0%
Magic:  5/5        EV:  7    Int:  8    God:
Gold:   99         SH:  9    Dex: 10    Spells: 4/4 levels left

rFire    . . .     SeeInvis .   a - +0 war axe
rCold    . . .     Faith    .   c - +0 kite shield
rNeg     + . .     Spirit   .   b - +0 scale mail
rPois    ∞         Reflect  .   (no helmet)
rElec    +         Harm     .   (no cloak)
rCorr    .         Rampage  .   (no gloves)
Will     .....                  (no boots)
Stlth    ..........             (no amulet)
HPRegen  0.11/turn              (no ring)
MPRegen  0.09/turn              (no ring)

@: no status effects
A: sickness immunity, AC +4, negative energy resistance 1, electricity
resistance, torment resistance 1, petrification resistance
a: no special abilities


You were on level 3 of the Dungeon.
You visited 1 branch of the dungeon, and saw 3 of its levels.

You collected 99 gold pieces.

Inventory:

Hand Weapons
 a - a +0 war axe (weapon)
 f - a +2 mace of protection
Armour
 b - a +0 scale mail (worn)
 c - a +0 kite shield (worn)
Wands
 i - a wand of flame (13)
Scrolls
 e - a scroll of fear {unknown}
 g - a scroll of holy word
Potions
 d - a potion of might
 k - a potion of curing
 m - a potion of heal wounds


   Skills:
 + Level 4.0 Fighting
 + Level 3.2 Axes
 + Level 3.9 Armour
 + Level 0.2 Dodging
 + Level 3.8 Shields


You had 4 spell levels left.
You didn't know any spells.
Your spell library was empty.

Dungeon Overview and Level Annotations

Branches:
Dungeon (3/15)

Altars:
Dithmenos


Innate Abilities, Weirdness & Mutations

You are immune to sickness and miasma.
Your stone body is resilient. (AC +4)
You are immune to poison.
You resist negative energy. (rN+)
You are resistant to electric shocks. (rElec)
You are resistant to unholy torment.
You are immune to petrification.


Message History

You kill the orc!
Something hits you but does no damage.
An orc comes into view. It is wielding a +0 club.
You hear some strange, mumbled words.
Something tries to affect you, but you resist.
Your Fighting skill increases to level 4!
You block something's attack.
There is a stone staircase leading down, spattered with blood here.
Things that are here:
a +0 club; a +0 leather armour; 7 gold pieces The orc hits you with a +0 mace.
You block the orc's attack. The orc hits you with a +0 mace.
You hear some strange, mumbled words.
Something tries to affect you, but you resist.
You completely miss the orc. You closely miss the orc. You miss something.
An adder comes into view.
The orc completely misses you. The orc hits you but does no damage.
Something hits you but does no damage. You block the orc's attack.
The adder hisses angrily.
You slash the orc!
You kill the orc!
You barely miss something.
Your shield and scale mail prevent you from hitting the orc.
The orc hits you with a +0 mace. Something hits you.
* * * LOW HITPOINT WARNING * * *
The orc hits you but does no damage. Something hits you but does no damage.
You have reached level 5!
You hit the orc.
The orc is almost dead.
You miss something. The orc hits you with a +0 mace.
* * * LOW HITPOINT WARNING * * *
Something hits you but does no damage. The orc hits you but does no damage.
You closely miss the orc.
The orc is almost dead.
You hit something but do no damage. You slash the adder! The adder bites you.
* * * LOW HITPOINT WARNING * * *
Something hits you.
* * * LOW HITPOINT WARNING * * *
You block the adder's attack. The orc hits you with a +0 mace.
You die...

.....##.##..#..### *,*
..##....#*#......## *,*
..............##..######.#
.....#####.#.......(.....# .....#
#..........###..* .....#
#.#........# ****
.....#***#.#.....>).#
.......,,.......o...#
....#..#...#....@...# **********
..###.##,###...S....#***,,,,,,,,*
...,,,,,,...............,,,,,,,,*
,,,,,,,,,#.##.##########,,,,,,,,*
,**,,,,,,#,*#.,,,,,,,,,,,********
,**,,,,∩,*,,.*,,,,,,,,,***
,,,,,,,,***#,,,*******,,**
,,,,,,,,**,,,,,*,,,,,*,,,*
,,,,,,,,,,,***,*,,,,,*,,,*


You could see an adder and an orc.

Vanquished Creatures
  Terence (D:2)
  An adder (D:2)
  4 dart slugs
  4 orcs (D:3)
  2 ball pythons (D:1)
  4 endoplasms
  3 giant cockroaches
  3 goblins
  6 hobgoblins
  13 jackals
  4 quokkas
  6 bats
  2 frilled lizards
  5 kobolds
  4 rats
62 creatures vanquished.

Notes
Turn   | Place    | Note
-------+----------+-------------------------------------------
     0 | D:1      | bande the Gargoyle Fighter began the quest for the Orb.
     0 | D:1      | Reached XP level 1. HP: 14/14 MP: 1/1
   124 | D:1      | Reached XP level 2. HP: 19/19 MP: 2/2
   376 | D:1      | You fall into a shaft and drop 1 floor!
   403 | D:2      | Reached XP level 3. HP: 13/23 MP: 3/3
  1434 | D:2      | Reached XP level 4. HP: 29/29 MP: 4/4
  1774 | D:2      | Noticed Terence
  1779 | D:2      | Killed Terence
  2085 | D:2      | Found a faded altar of an unknown god.
  2208 | D:2      | Found a shadowy altar of Dithmenos.
  2744 | D:3      | Reached skill level 4 in Fighting
  2750 | D:3      | Reached XP level 5. HP: 8/33 MP: 5/5
  2751 | D:3      | Slain by an orc

Illustrated notes

Levels and vault maps discovered:
D:1:      minmay_arrival_solitary_statue, layout_loops_cross,
          skrybe_limestone_x, st_stairs_12, minmay_statues_item,
          chequers_serial_rivers_large_a
D:2:      layout_loops_corners, basic_altar,
          shapermc_ecumenical_altar_mp_vishouse, kennysheep_crisscross,
          uniq_terence
D:3:      layout_rooms, amcnicky_altar_gilded, serial_shops, shop

Skill      XL: |  1  2  3  4 |
---------------+-------------+-----
Axes           | 2 3 |  3.2
Fighting       | 4 |  4.0
Armour         | |  3.9
Dodging        | |  0.2
Shields        | |  3.8

Action                   |  1- 3 |  4- 6 || total
-------------------------+-------+-------++-------
Melee: War axe           |   121 |    96 ||   217
  Use: Potion            |     1 |       ||     1
       Scroll            |       |     7 ||     7
Armor: Scale mail        |    75 |    60 ||   135
Dodge: Dodged            |    41 |    42 ||    83
Block: Kite shield       |    57 |    63 ||   120

Table legend: (Time is in decaauts)
 A = Elapsed time spent in this place.
 B = Non-inter-level travel time spent in this place.
 C = Inter-level travel time spent in this place.
 D = Time resting spent in this place.
 E = Time spent auto-exploring this place.
 F = Levels seen in this place.
 G = Mean time per level.
                   A        B        C        D        E       F      G
               +--------+--------+--------+--------+--------+-----+--------+
         Total |   2896 |   2882 |     14 |    483 |   1791 |   3 |  965.3 |
       Dungeon |   2896 |   2882 |     14 |    483 |   1791 |   3 |  965.3 |
               +--------+--------+--------+--------+--------+-----+--------+

Top non-repeatable levels by time:
     D:2: 1250 daAuts
     D:1: 1131 daAuts
     D:3: 513 daAuts
